 Dungeon Sprint DCSS version 0.20.1-1-g8b1a95d (webtiles) character file.

2158 Agrougrou the Basher (level 9, -11/106 HPs)
             Began as an Ogre Monk on Aug 18, 2017.
             Was an Elder of Okawaru.
             Mangled by an eight-headed hydra (14 damage)
             ... in the Dungeon (Sprint IX: "|||||||||||||||||||||||||||||").
             The game lasted 00:05:30 (1483 turns).

Agrougrou the Basher (Ogre Monk)                    Turns: 1483, Time: 00:05:31

Health: -11/106    AC:  3    Str: 17    XL:     9   Next: 31%
Magic:  9/11       EV: 21    Int: 11    God:    Okawaru [****..]
Gold:   13         SH:  0    Dex: 17    Spells: 8/8 levels left

rFire    . . .     SeeInvis .   q - +2 morningstar (crush)
rCold    . . .     Gourm    .   (no shield)
rNeg     . . .     Faith    .   b - +0 robe
rPois    .         Spirit   .   (helmet restricted)
rElec    .         Reflect  .   (no cloak)
rCorr    .         Harm     .   (gloves unavailable)
MR       .....     NoTele   +   (boots unavailable)
Stlth    +++.......             (no amulet)
Regen    0.3/turn               o - +3 ring of dexterity
MPRegen  0.2/turn               p - +2 ring of evasion

@: heroism
A: unfitting armour, tough skin 1
a: Heroism, Renounce Religion


You were in the Dungeon.
You worshipped Okawaru.
Okawaru was greatly pleased with you.
You were not hungry.

You visited 1 branch You collected 13 gold pieces.

Inventory:

Hand Weapons
 q - a +2 morningstar of crushing (weapon)
 r - the +2 scimitar "Tikah" {slice, +Blink Str+4}
   (You found it in the Dungeon)

   It inflicts extra damage upon your enemies.
   It affects your strength (+4).
   It lets you blink.
Missiles
 k - 4 stones (quivered)
Armour
 b - a +0 robe (worn)
Jewellery
 o - a +3 ring of dexterity (left hand)
 p - a +2 ring of evasion (right hand)
Wands
 n - a wand of iceblast (4/15)
Scrolls
 a - a scroll of magic mapping
 i - 2 scrolls of blinking
 l - 4 scrolls of remove curse
 m - 2 scrolls of amnesia
 s - a scroll of fog
 t - 2 scrolls of enchant weapon
 u - 2 scrolls of identify
Potions
 d - a potion of invisibility
 f - 3 potions of haste
 g - 4 potions of magic
 h - a potion of berserk rage
 j - 7 potions of curing
Comestibles
 c - a bread ration


   Skills:
 + Level 12.3(17.3) Fighting
 + Level 13.9(18.9) Maces & Flails
 + Level 8.5(13.5) Dodging
 - Level 1.4(6.4) Stealth
 + Level 3.2 Invocations
 + Level 3.7 Evocations


You had 8 spell levels left.
You didn't know any spells.

Dungeon Overview and Level Annotations

Branches:
Dungeon (1/1)

Altars:
Cheibriados
Dithmenos
Elyvilon
Fedhas
Gozag
Hepliaklqana
Kikubaaqudgha
Makhleb
Nemelex Xobeh
Okawaru
Qazlal
Ru
Sif Muna
Trog
Uskayaw
Vehumet
Xom
Yredelemnul
Zin
The Shining One
Beogh
Jiyva
Lugonu


Innate Abilities, Weirdness & Mutations

You are too large for most types of armour.
You have tough skin. (AC +1)


Message History

You barely miss the eight-headed hydra.
The eight-headed hydra is almost dead.
The eight-headed hydra barely misses you.
The eight-headed hydra completely misses you.
The eight-headed hydra bites you!
* * * LOW HITPOINT WARNING * * *
The eight-headed hydra misses you. The eight-headed hydra bites you!!
* * * LOW HITPOINT WARNING * * *
The eight-headed hydra misses you. x2
The eight-headed hydra barely misses you.
You feel much better.
The water moccasin hisses angrily.
The eight-headed hydra bites you.
* * * LOW HITPOINT WARNING * * *
The eight-headed hydra closely misses you.
The eight-headed hydra bites you!
* * * LOW HITPOINT WARNING * * *
The eight-headed hydra bites you but does no damage.
The eight-headed hydra misses you. The eight-headed hydra bites you!
You die...

▓▓▓▓▓▓▓▓▓▓▓▓▓▓▓▓▓▓▓▓▓▓▓▓
SSHrFSD@.....)......'...
▓▓▓▓▓▓▓▓▓▓▓▓▓▓▓▓▓▓▓▓▓▓▓▓▓▓▓▓▓▓▓▓▓
.................................
▓▓▓▓▓▓▓▓▓▓▓▓▓▓▓▓▓▓▓▓▓▓▓▓▓▓▓▓▓▓▓▓▓
(___________________'.....'.....'
▓▓▓▓▓▓▓▓▓▓▓▓▓▓▓▓▓▓▓▓▓▓▓▓▓▓▓▓▓▓▓▓▓


You could see an eight-headed hydra, a hippogriff, a black mamba, a spiny frog,
2 water moccasins and a porcupine.

Vanquished Creatures
  A hydra (D)
  An unseen horror (D)
  A troll (D)
  A hippogriff (D)
  2 yaks (D)
  2 centaurs (D)
  A scorpion (D)
  A jelly (D)
  A hound (D)
  An iguana (D)
  An adder (D)
  An adder skeleton (D)
  2 leopard geckos (D)
  An orc (D)
  A bat skeleton (D)
  A hobgoblin (D)
  A ball python (D)
  A bat (D)
  A kobold (D)
  A rat (D)
23 creatures vanquished.

Notes
Turn   | Place    | Note
-------+----------+-------------------------------------------
     0 | D        | Agrougrou the Ogre Monk began the quest for the Orb.
     0 | D        | Reached XP level 1. HP: 24/24 MP: 1/1
     8 | D        | Reached skill level 3 in Maces & Flails
   114 | D        | Reached skill level 5 in Fighting
   114 | D        | Reached XP level 2. HP: 14/35 MP: 2/2
   125 | D        | Reached skill level 4 in Maces & Flails
   339 | D        | Found a roughly hewn altar of Beogh.
   339 | D        | Found a snail-covered altar of Cheibriados.
   339 | D        | Found a shadowy altar of Dithmenos.
   339 | D        | Found a white marble altar of Elyvilon.
   339 | D        | Found a blossoming altar of Fedhas.
   339 | D        | Found an opulent altar of Gozag.
   340 | D        | Found a hazy altar of Hepliaklqana.
   341 | D        | Found a viscous altar of Jiyva.
   342 | D        | Found an ancient bone altar of Kikubaaqudgha.
   343 | D        | Found a corrupted altar of Lugonu.
   344 | D        | Found a burning altar of Makhleb.
   345 | D        | Found a sparkling altar of Nemelex Xobeh.
   346 | D        | Found an iron altar of Okawaru.
   347 | D        | Found a stormy altar of Qazlal.
   348 | D        | Found a sacrificial altar of Ru.
   349 | D        | Found a deep blue altar of Sif Muna.
   350 | D        | Found a bloodstained altar of Trog.
   351 | D        | Found a hide-covered altar of Uskayaw.
   352 | D        | Found a radiant altar of Vehumet.
   354 | D        | Became a worshipper of Warmaster Okawaru
   354 | D        | Reached * piety under Okawaru
   354 | D        | Reached ** piety under Okawaru
   355 | D        | Found a shimmering altar of Xom.
   356 | D        | Found a basalt altar of Yredelemnul.
   357 | D        | Found a glowing silver altar of Zin.
   358 | D        | Found a glowing golden altar of the Shining One.
   389 | D        | Got the +2 scimitar "Tikah" {slice, +Blink Str+4}
   409 | D        | Noticed a centaur
   409 | D        | Noticed a scorpion
   409 | D        | Noticed a centaur
   427 | D        | Killed a centaur
   427 | D        | Reached skill level 6 in Maces & Flails
   427 | D        | Reached XP level 3. HP: 14/46 MP: 1/3
   427 | D        | Reached XP level 4. HP: 16/55 MP: 1/4
   669 | D        | Reached skill level 7 in Maces & Flails
   669 | D        | Reached skill level 5 in Dodging
   669 | D        | Reached XP level 5. HP: 58/63 MP: 2/5
   673 | D        | Killed a centaur
   673 | D        | Reached skill level 8 in Maces & Flails
   673 | D        | Reached XP level 6. HP: 59/74 MP: 2/6
   790 | D        | Noticed a troll
   790 | D        | Noticed a five-headed hydra
   790 | D        | Noticed a yak
   790 | D        | Noticed a hippogriff
   796 | D        | Killed a hippogriff
   796 | D        | Reached *** piety under Okawaru
   796 | D        | Reached skill level 10 in Fighting
   796 | D        | Reached skill level 10 in Maces & Flails
   796 | D        | Reached skill level 1 in Invocations
   796 | D        | Reached skill level 1 in Evocations
   796 | D        | Reached XP level 7. HP: 56/85 MP: 4/8
   798 | D        | Killed an unseen horror
   798 | D        | Reached **** piety under Okawaru
   798 | D        | Reached skill level 12 in Maces & Flails
   798 | D        | Reached XP level 8. HP: 51/97 MP: 4/9
  1063 | D        | Killed a yak
  1245 | D        | Killed a troll
  1257 | D        | Killed a five-headed hydra
  1257 | D        | Reached skill level 13 in Maces & Flails
  1257 | D        | Reached XP level 9. HP: 80/106 MP: 8/11
  1472 | D        | Noticed an eight-headed hydra
  1472 | D        | Noticed a spiny frog
  1480 | D        | Noticed a black mamba
  1482 | D        | HP: 3/106 [eight-headed hydra (18)]
  1483 | D        | Mangled by an eight-headed hydra

Skill      XL: |  1  2  3  4  5  6  7  8 |
---------------+-------------------------+-----
Maces & Flails | 3 6 7 8 10 12 13 | 13.9
Dodging        | 3 4 5 6 7 8 |  8.5
Fighting       | 5 7 8 10 11 12 | 12.3
Invocations    | 1 2 3 |  3.2
Evocations     | 1 3 |  3.7
Stealth        | |  1.4

Action                   |  1- 3 |  4- 6 |  7- 9 || total
-------------------------+-------+-------+-------++-------
Melee: Mace              |    35 |       |       ||    35
       Morningstar       |    15 |    18 |    25 ||    58
       Punch             |       |     1 |       ||     1
       Scimitar          |       |       |     2 ||     2
Throw: Stone             |     1 |       |     1 ||     2
Invok: Heroism           |     1 |     2 |     2 ||     5
 Abil: Evoke Blink       |       |     1 |     5 ||     6
Evoke: Wand              |       |       |     3 ||     3
  Use: Potion            |     2 |       |     2 ||     4
  Eat: Chunk             |       |       |     2 ||     2
Armor: Robe              |    15 |     1 |     2 ||    18
Dodge: Dodged            |    44 |    20 |    33 ||    97
       Rpst.: Scimitar   |       |       |     1 ||     1
